 Dungeon Crawl Stone Soup version 0.18.1-48-g4cf74bf (webtiles) character file.

384 PossumBlood the Archer (level 6, 0/45 HPs)
             Began as a High Elf Hunter on Aug 12, 2016.
             Slain by an orc (3 damage)
             ... on level 5 of the Dungeon.
             The game lasted 00:10:03 (3939 turns).

PossumBlood the Archer (High Elf Hunter)            Turns: 3939, Time: 00:10:03

Health: 0/45       AC:  8    Str: 11    XL:     6   Next: 47%
Magic:  7/7        EV: 11    Int: 15    God:
Gold:   195        SH:  0    Dex: 18    Spells: 0 memorised, 5 levels left

rFire  . . .     SeeInvis .     b - +0 short sword
rCold  . . .     Gourm    .     p - +2 ring mail {rPois}
rNeg   . . .     Faith    .     (no shield)
rPois  +         Spirit   .     r - +0 helmet
rElec  .         Dismiss  .     (no cloak)
rCorr  .         Reflect  .     (no gloves)
SustAt .         Harm     .     (no boots)
MR     .....                    (no amulet)
Stlth  +.........               (no ring)
                                (no ring)

@: not resistant to hostile enchantments, very unstealthy
A: no striking features
a: no special abilities


You were on level 5 of the Dungeon.
You were not hungry.

You visited 1 branch of the dungeon, and saw 5 of its levels.

You collected 195 gold pieces.

Inventory:

Hand Weapons
 a - a +1 shortbow
 b - a +0 short sword (weapon)
 g - a +2 dagger of electrocution
 q - a +0 dagger of speed
Armour
 c - a +0 leather armour
 p - a +2 ring mail of poison resistance (worn)
 r - a +0 helmet (worn)
 v - a +2 large shield
Scrolls
 m - 3 scrolls of remove curse
 t - a scroll of enchant weapon {unknown}
 u - a scroll of enchant armour {unknown}
 w - a scroll of fog
 x - a scroll of fear {unknown}
 y - a scroll of identify
Potions
 e - a potion of curing {unknown}
 h - a potion of cancellation
 i - 2 potions of heal wounds {unknown}
 k - 2 potions of brilliance {unknown}
 l - a potion of berserk rage {unknown}
 n - 3 potions of flight {unknown}
 o - 2 potions of might {unknown}
Comestibles
 f - 3 fruits
 j - 2 meat rations
 s - 3 bread rations
 z - a royal jelly


   Skills:
 - Level 5.0 Fighting
 * Level 8.3 Bows
 - Level 2.1 Dodging
 - Level 1.1 Stealth


You had 5 spell levels left.
You didn't know any spells.

Dungeon Overview and Level Annotations

Branches:
Dungeon (5/15)
 Temple: D:4-7

Altars:
Kikubaaqudgha
Ru
Sif Muna
Trog
Xom
Zin


Message History

* * * LOW HITPOINT WARNING * * *
You hit the orc but do no damage.
The orc is heavily wounded.
The orc hits you but does no damage. The orc closely misses you.
You hit the orc but do no damage.
The orc is heavily wounded.
The orc barely misses you. The orc hits you but does no damage.
You barely miss the orc.
The orc is heavily wounded.
The orc barely misses you. x2
You hit the orc but do no damage.
The orc is heavily wounded.
The orc closely misses you. The orc hits you.
* * * LOW HITPOINT WARNING * * *
You barely miss the orc.
The orc is heavily wounded.
The orc hits you with a hand axe.
* * * LOW HITPOINT WARNING * * *
The orc hits you.
You die...

#..$(#
####(...##
#...(....#
#........#
#........#
#........#
......)(o#
#..?..)@.#
#.....o..#
....######
.##


You could see 2 orcs.

Vanquished Creatures
  An ogre (D:4)
  Blork the orc (D:4)
  A hound (D:5)
  A worker ant (D:3)
  A worker ant zombie (D:4)
  9 adders
  An ooze (D:3)
  An adder zombie (D:4)
  2 worms
  A dart slug (D:2)
  4 giant geckos
  4 orcs
  7 bats
  3 giant cockroaches
  9 hobgoblins
  2 quokkas (D:3)
  A ball python (D:3)
  5 giant newts
  11 goblins
  12 kobolds
  6 rats
83 creatures vanquished.

Notes
Turn   | Place    | Note
--------------------------------------------------------------
     0 | D:1      | PossumBlood the High Elf Hunter began the quest for the Orb.
     0 | D:1      | Reached XP level 1. HP: 14/14 MP: 2/2
   140 | D:1      | Reached XP level 2. HP: 19/19 MP: 3/3
   294 | D:1      | Reached skill level 6 in Bows
  1008 | D:2      | Reached XP level 3. HP: 18/24 MP: 4/4
  1167 | D:2      | Reached skill level 7 in Bows
  1714 | D:2      | Found a bloodstained altar of Trog.
  1826 | D:2      | Reached XP level 4. HP: 14/30 MP: 5/5
  2321 | D:3      | Found an ancient bone altar of Kikubaaqudgha.
  2864 | D:3      | Reached XP level 5. HP: 19/37 MP: 6/6
  3203 | D:3      | Found a sacrificial altar of Ru.
  3245 | D:4      | Noticed an ogre
  3252 | D:4      | Killed an ogre
  3252 | D:4      | Reached skill level 5 in Fighting
  3319 | D:4      | Found a shimmering altar of Xom.
  3321 | D:4      | Noticed an angel
  3451 | D:4      | Reached XP level 6. HP: 45/45 MP: 7/7
  3668 | D:4      | Noticed Blork the orc
  3683 | D:4      | Killed Blork the orc
  3687 | D:4      | Found a deep blue altar of Sif Muna.
  3828 | D:4      | Reached skill level 8 in Bows
  3830 | D:4      | Found a glowing silver altar of Zin.
  3899 | D:5      | Entered Level 5 of the Dungeon
  3939 | D:5      | Slain by an orc

Skill      XL: |  1  2  3  4  5  6 |
---------------+-------------------+-----
Bows           | 6 7 8 |  8.3
Fighting       | 4 5 |  5.0
Dodging        | |  2.1
Stealth        | |  1.1

Action                   |  1- 3 |  4- 6 || total
-------------------------+-------+-------++-------
Melee: Short sword       |       |    28 ||    28
 Fire: Shortbow          |   128 |   168 ||   296
  Use: Scroll            |       |     6 ||     6
  Eat: Bread ration      |     1 |     1 ||     2
Armor: Leather armour    |     8 |       ||     8
       Ring mail         |       |    57 ||    57
Dodge: Dodged            |    25 |    81 ||   106
